 Dungeon Crawl Stone Soup version 0.31-a0-963-ga325b2283a (webtiles) character file.

Game seed: 7542338985614926478

283 BinkBink the Trooper (level 6, 0/39 HPs)
             Began as a Gargoyle Monk on Oct 24, 2023.
             Was a Believer of Qazlal.
             Killed from afar by an orc wizard (2 damage)
             ... with a puff of flame
             ... on level 4 of the Dungeon.
             The game lasted 00:04:37 (2310 turns).

BinkBink the Trooper (Gargoyle Monk)                Turns: 2310, Time: 00:04:37

Health: 0/39       AC:  7    Str: 14 (15) XL:     6   Next: 28%
Magic:  6/6        EV: 12    Int:  9 (10) God:    Qazlal [**....]
Gold:   135        SH:  7    Dex: 13 (14) Spells: 5/5 levels left

rFire   + . .        c - +2 hand axe (heavy)
rCold   + + .        g - +0 buckler
rNeg    + . .        b - +0 robe
rPois   ∞            q - +0 helmet
rElec   +            l - scarf {rC+ rF+}
rCorr   .            (no gloves)
SInv    .            (no boots)
Will    .....        j - amulet of regeneration
Stlth   +            i - ring of protection from cold
HPRegen 1.06/turn    (no ring)
MPRegen 0.10/turn

%: no passive effects
@: no status effects
A: sickness immunity, AC +4, negative energy resistance 1, electricity
resistance, torment resistance 1, petrification resistance
a: Renounce Religion, Upheaval


You were on level 4 of the Dungeon.
You worshipped Qazlal.
Qazlal was pleased with you.
You visited 1 branch of the dungeon, and saw 4 of its levels.

You collected 135 gold pieces.

Inventory:

Hand Weapons
 a - a +0 mace
 c - a +2 heavy hand axe (weapon)
Armour
 b - a +0 robe (worn)
 d - an orb of light
 g - a +0 buckler (worn)
 l - a scarf of resistance (worn)
 q - a +0 helmet (worn)
Jewellery
 f - an amulet of guardian spirit
 i - a ring of protection from cold (left hand)
 j - an amulet of regeneration (around neck)
 k - an amulet of reflection
Wands
 p - a wand of iceblast (11)
Scrolls
 h - 2 scrolls of teleportation {unknown}
 m - a scroll of identify {unknown}
 n - a scroll of revelation {unknown}
 o - a scroll of acquirement {unknown}
Potions
 e - a potion of degeneration


   Skills:
 + Level 4.7 Fighting
 * Level 1.0(2.5) Axes
 - Level 4.1(4.2) Maces & Flails
 + Level 3.5 Dodging
 + Level 2.7 Shields


You had 5 spell levels left.
You didn't know any spells.
Your spell library contained the following spells:

 Spells                   Type           Power      Damage    Failure   Level
 Ensorcelled Hibernation  Hex/Ice        0%         N/A       63%         2
 Jinxbite                 Hex            0%         N/A       63%         2
 Anguish                  Hex/Necr       0%         N/A       99%         4


Dungeon Overview and Level Annotations

Branches:
Dungeon (4/15)
 Temple: D:4-7

Altars:
Cheibriados
Fedhas
Gozag
Hepliaklqana
Qazlal
Wu Jian
Xom
Zin


Innate Abilities, Weirdness & Mutations

You are immune to sickness and miasma.
Your stone body is resilient. (AC +4)
You are immune to poison.
You resist negative energy. (rN+)
You are resistant to electric shocks. (rElec)
You are resistant to unholy torment.
You are immune to petrification.


Message History

The orc wizard shouts!
The orc priest invokes the aid of Beogh against you.
Beogh smites you!
You closely miss the orc priest. The orc priest barely misses you.
You slash the orc priest!
The orc priest is almost dead.
You hit the orc wizard but do no damage.
You block the orc priest's attack.
The orc wizard hits you but does no damage.
An orc comes into view. It is wielding a +0 short sword.
The orc priest mumbles some strange prayers to Beogh against you.
Pain shoots through your body!
* * * LOW HITPOINT WARNING * * *
The orc wizard barely misses you.
You barely miss the orc priest.
The orc priest is almost dead.
You barely miss the orc wizard. The orc priest closely misses you.
The orc wizard hits you with a +0 dagger.
* * * LOW HITPOINT WARNING * * *
The orc wizard hits you but does no damage.
You block the orc priest's attack.
Okay, then.
You closely miss the orc priest.
The orc priest is almost dead.
You slash the orc wizard! The orc priest hits you with a +0 mace.
You block the orc wizard's attack. The orc priest misses you.
The orc wizard points at you and mumbles some strange words.
You resist with some effort.
You closely miss the orc priest.
The orc priest is almost dead.
You barely miss the orc wizard.
An adder comes into view.
The orc priest calls upon Beogh to heal the orc wizard.
The orc wizard is healed somewhat.
The orc priest invokes the aid of Beogh against you.
Beogh smites you!
* * * LOW HITPOINT WARNING * * *
The orc wizard points at you and mumbles some strange words.
The puff of flame hits you. You resist.
You die...

......#####.#..........
...... #..###.###...#
.....# #...#...# # ..
....###..# ....#
#.$.###.. .....#
##..<...... .....
#.......##. >###.
#..###..# #@## ....
#oo# ....# .o## ....
?..S ... ##... ##...
#... .....


You could see 2 orc priests, an orc wizard and an adder.

Vanquished Creatures
  A hound (D:4)
  2 orc priests (D:3)
  A sleepcap (D:4)
  Natasha (thrice) (D:3)
  3 adders
  2 worms (D:2)
  3 dart slugs
  3 orcs (D:3)
  2 endoplasms
  2 giant cockroaches
  3 goblins
  4 hobgoblins
  6 jackals
  4 ball pythons
  2 bats
  2 frilled lizards (D:2)
  5 kobolds
  5 rats
53 creatures vanquished.

Notes
Turn   | Place    | Note
-------+----------+-------------------------------------------
     0 | D:1      | BinkBink the Gargoyle Monk began the quest for the Orb.
     0 | D:1      | Reached XP level 1. HP: 14/14 MP: 1/1
   137 | D:1      | Reached XP level 2. HP: 8/19 MP: 2/2
  1123 | D:2      | Reached XP level 3. HP: 24/24 MP: 3/3
  1305 | D:2      | Reached skill level 1 in Shields
  1706 | D:3      | Noticed Natasha
  1721 | D:3      | Killed Natasha
  1722 | D:3      | Reached XP level 4. HP: 9/29 MP: 4/4
  1783 | D:3      | Noticed Natasha
  1792 | D:3      | Killed Natasha
  1820 | D:3      | Reached XP level 5. HP: 33/33 MP: 5/5
  1859 | D:3      | Noticed Natasha
  1901 | D:3      | Killed Natasha
  2100 | D:3      | Found an ornate altar of the Wu Jian Council.
  2101 | D:3      | Found a snail-covered altar of Cheibriados.
  2102 | D:3      | Found a hazy altar of Hepliaklqana.
  2103 | D:3      | Found an opulent altar of Gozag.
  2104 | D:3      | Found a glowing silver altar of Zin.
  2105 | D:3      | Found a shimmering altar of Xom.
  2105 | D:3      | Found a blossoming altar of Fedhas.
  2106 | D:3      | Found a stormy altar of Qazlal.
  2136 | D:3      | Became a worshipper of Qazlal Stormbringer
  2136 | D:3      | Reached * piety under Qazlal
  2136 | D:3      | Reached ** piety under Qazlal
  2264 | D:4      | Reached XP level 6. HP: 13/39 MP: 6/6
  2269 | D:4      | Reached skill level 1 in Axes
  2310 | D:4      | Killed from afar by an orc wizard

Illustrated notes

Levels and vault maps discovered:
D:1:      wander_arrival_estate, layout_basic, chequers_serial_rivers_large_a
D:2:      layout_loops_ring, chequers_serial_rivers_micro_a
D:3:      layout_rooms, grunt_temple_overflow_open, minmay_splitting_lines,
          guppyfry_early_lair_pool, uniq_natasha
D:4:      layout_cave_pools, marbit_many_paths, minmay_misc_feat_plants,
          minmay_snake_closets, uniq_ijyb

Skill      XL: |  1  2  3  4  5  6 |
---------------+-------------------+-----
Shields        | 1 2 |  2.7
Fighting       | 4 |  4.7
Dodging        | 3 |  3.5
Maces & Flails | 4 |  4.1
Axes           | 1 |  1.0

Action                     |  1- 3 |  4- 6 || total
---------------------------+-------+-------++-------
  Melee: Mace              |   108 |    85 ||   193
         Hand axe          |       |    19 ||    19
    Use: Potion            |       |     5 ||     5
 Armour: Robe              |    63 |    90 ||   153
  Dodge: Dodged            |    74 |    98 ||   172
  Block: Buckler           |    19 |    34 ||    53

Table legend: (Time is in decaauts)
 A = Elapsed time spent in this place.
 B = Non-inter-level travel time spent in this place.
 C = Inter-level travel time spent in this place.
 D = Time resting spent in this place.
 E = Time spent auto-exploring this place.
 F = Levels seen in this place.
 G = Mean time per level.
                   A        B        C        D        E       F      G
               +--------+--------+--------+--------+--------+-----+--------+
         Total |   2393 |   2287 |    106 |     36 |   1678 |   4 |  598.2 |
       Dungeon |   2393 |   2287 |    106 |     36 |   1678 |   4 |  598.2 |
               +--------+--------+--------+--------+--------+-----+--------+

Top non-repeatable levels by time:
     D:1: 994 daAuts
     D:2: 739 daAuts
     D:3: 593 daAuts
     D:4: 65 daAuts
